 Dungeon Crawl Stone Soup version 0.18-a0-1643-gb89d9db (webtiles) character file.

56 Magnus the Shooter (level 3, -7/23 HPs)
             Began as a High Elf Arcane Marksman on Mar 28, 2016.
             Killed by nerve-wracking pain
             ... invoked by Grinder
              (8 damage)
             ... on level 2 of the Dungeon.
             The game lasted 00:11:40 (2732 turns).

Magnus the Shooter (High Elf Arcane Marksman)       Turns: 2732, Time: 00:11:40

Health: -7/23      AC:  3    Str: 10    XL:     3   Next: 71%
Magic:  8/8        EV: 12    Int: 17    God:
Gold:   158        SH:  0    Dex: 15    Spells: 1 memorised, 6 levels left

rFire  . . .     SeeInvis .     d - +0 club
rCold  . . .     Gourm    .     b - +0 robe
rNeg   . . .     Faith    .     (no shield)
rPois  .         Spirit   .     (no helmet)
rElec  .         Dismiss  .     l - +0 cloak
rCorr  .         Reflect  .     (no gloves)
SustAt .         Harm     .     (no boots)
MR     +....                    (no amulet)
Stlth  +.........               (no ring)
                                r - ring of protection from magic

@: somewhat resistant to hostile enchantments, very unstealthy
A: no striking features
a: no special abilities


You were on level 2 of the Dungeon.
You were not hungry.

You visited 1 branch of the dungeon, and saw 3 of its levels.

You collected 158 gold pieces.

Inventory:

Hand Weapons
 a - a +0 shortbow
 d - a +0 club (weapon)
Missiles
 t - 9 arrows
Armour
 b - a +0 robe (worn)
 l - a +0 cloak (worn)
Jewellery
 r - a ring of protection from magic (left hand)
Scrolls
 e - a scroll of teleportation {unknown}
 h - a scroll of fear {unknown}
 i - a scroll of immolation {unknown}
 n - 2 scrolls of identify
 o - a scroll of remove curse
 p - a scroll of random uselessness {unknown}
Potions
 g - a potion of lignification {unknown}
 k - a potion of heal wounds {unknown}
 m - a potion of invisibility {unknown}
 q - a potion of cure mutation
 u - 2 potions of resistance {unknown}
Books
 c - a book of Debilitation

   Spells                             Type                      Level
   a - Corona                         Hexes                        1
   b - Slow                           Hexes                        2
   c - Gell's Gravitas                Hexes/Translocation          3
   d - Inner Flame                    Hexes/Fire                   3
   e - Cause Fear                     Hexes                        4
   f - Leda's Liquefaction            Hexes/Earth                  4
Comestibles
 f - 3 bread rations
 j - 2 meat rations
 s - a slice of pizza


   Skills:
 - Level 1.0 Fighting
 + Level 4.4 Bows
 - Level 2.1 Dodging
 + Level 2.8 Spellcasting
 - Level 3.0 Hexes


You had 6 spell levels left.
You knew the following spells:

 Your Spells              Type           Power        Failure   Level  Hunger
a - Corona                Hex            ##.....      6%          1    #......


Dungeon Overview and Level Annotations

Branches:
Dungeon (3/15)

Altars:

Annotations:
D:2 Grinder


Message History

You hit the rat.
You kill the rat!
You hit Grinder.
Grinder is lightly wounded.
Grinder gestures at you. Pain shoots through your body!
Grinder barely misses you.
You closely miss Grinder.
Grinder is lightly wounded.
Grinder hits you.
You writhe in agony.
* * * LOW HITPOINT WARNING * * *
Grinder hits you.
* * * LOW HITPOINT WARNING * * *
You writhe in agony.
* * * LOW HITPOINT WARNING * * *
You climb upwards.
There is a stone staircase leading down here.
Grinder says, "Just stop there for a second..."
Grinder gestures at you. Pain shoots through your body!
You die...

####### #.##.. ##### #.....#
#.##.# ##.<.###.###.###.##.# ####
#.....##.###.##...#.# ...#
#.................... ##.#
#..........#.##[..#.# #.#
##...###.#(#.###.##.# #(######
##..# #.#.#.# #.##.# #.##...##
#.@###.....# #.##.. #.#.....#
#....###.#####+#### #.......#
##.#5###.# ##...## ###.....#
#.......###....(## ##....##
#####.######.......#
###....#######......####.........
.......................'.........
###....######.......####.........
##.#.# #......## ##.......#


You could see Grinder.

Vanquished Creatures
  An adder (D:3)
  A dart slug (D:1)
  A giant gecko (D:2)
  3 giant cockroaches (D:2)
  8 goblins
  5 hobgoblins
  7 jackals
  3 bats
  3 giant newts
  3 kobolds
  7 rats
42 creatures vanquished.

Notes
Turn   | Place    | Note
--------------------------------------------------------------
     0 | D:1      | Magnus the High Elf Arcane Marksman began the quest for the Orb.
     0 | D:1      | Reached XP level 1. HP: 13/13 MP: 3/3
    95 | D:1      | Reached skill level 3 in Bows
   260 | D:1      | Reached XP level 2. HP: 18/18 MP: 5/5
  1049 | D:2      | Reached XP level 3. HP: 16/23 MP: 7/7
  1166 | D:2      | Reached skill level 4 in Bows
  2574 | D:3      | Noticed Grinder
  2729 | D:3      | HP: 1/23 [Grinder (2)]
  2732 | D:2      | Killed from afar by Grinder

Vault maps used:
D:1:      minmay_arrival_semitransparent
D:2:      kennysheep_the_goblin_king, corexii_corridor_pit
D:3:      nicolae_gozag_zags_fifth_avenue, uniq_grinder

Skill      XL: |  1  2  3 |
---------------+----------+-----
Bows           | 3 4 |  4.4
Spellcasting   | 2 |  2.8
Fighting       | |  1.0
Dodging        | |  2.1
Hexes          | |  3.0

Action                   || total
-------------------------++-------
Melee: Club              ||    66
       Shortbow          ||     7
 Fire: Shortbow          ||    94
  Use: Scroll            ||     2
 Stab: Sleeping          ||     2
  Eat: Chunk             ||     3
       Bread ration      ||     1
